 Dungeon Crawl Stone Soup version 0.26-a0-651-gb41185065b (webtiles) character file.

Game seed: 16384944300591218474

250074 Flugslaktarn the Severer (level 18, -10/156 HPs)
             Began as a Deep Dwarf Fighter on Oct 26, 2020.
             Was the Champion of Makhleb.
             Mangled by a freezing wraith (20 damage)
             ... on level 5 of the Depths.
             The game lasted 00:17:13 (17554 turns).

Flugslaktarn the Severer (Deep Dwarf Fighter)      Turns: 17554, Time: 00:17:14

Health: -10/156    AC: 24    Str: 21    XL:     18   Next: 40%
Magic:  5/5        EV: 10    Int: 11    God:    Makhleb [******]
Gold:   3211       SH: 25    Dex: 17    Spells: 17/17 levels left

rFire    . . .     SeeInvis .   M - +6 broad axe (elec)
rCold    . . .     Faith    .   Q - +0 tower shield
rNeg     + . .     Spirit   .   m - +0 plate armour
rPois    .         Reflect  +   (helmet restricted)
rElec    .         Harm     .   l - +2 cloak
rCorr    .         Rampage  .   L - +2 pair of gloves
MR       +++..     Clarity  +   T - +2 pair of boots
Stlth    ..........             P - amulet of reflection
HPRegen  0.00/turn              j - +4 ring of slaying
MPRegen  0.09/turn              p - +4 ring of protection

@: mighty, marked, corroded, non-regenerating, hasted, studying Axes, lightly
drained, very quick
A: damage resistance, heal wounds, beak, blink, blurry vision 1, clarity, frail
1, magic resistance 1, mutation resistance 1, negative energy resistance 1,
sense surroundings 3, no regeneration
}: 3/15 runes: barnacled, abyssal, gossamer
a: Heal Wounds, Blink, Minor Destruction, Lesser Servant of Makhleb, Major
Destruction, Greater Servant of Makhleb, Renounce Religion


You were on level 5 of the Depths.
You worshipped Makhleb.
Makhleb was exalted by your worship.
You visited 6 branches of the dungeon, and saw 32 of its levels.
You visited the Abyss 1 time.
You visited 1 bazaar.
You also visited: Ice Cave and Volcano.

You collected 3517 gold pieces.
You spent 306 gold pieces at shops.

Inventory:

Hand Weapons
 M - a +6 broad axe of electrocution (weapon)
   (You found it on level 2 of the Lair of Beasts)
 R - a +2 battleaxe
   (You took it off a wight on level 10 of the Dungeon)
Missiles
 I - 8 throwing nets (quivered)
Armour
 c - a +0 kite shield
 e - a +0 helmet
   (You found it on level 3 of the Shoals)
 l - a +2 cloak (worn)
   (You found it on level 5 of the Dungeon)
 m - a +0 plate armour (worn)
   (You found it on level 6 of the Dungeon)
 L - a +2 pair of gloves (worn)
   (You found it on level 10 of the Dungeon)
 O - the +0 cloak of Virec {rN+ MR+ Str+4}
   (You found it in an ice cave)

   It affects your strength (+4).
   It protects you from negative energy.
   It affects your resistance to hostile enchantments.
 Q - a +0 tower shield (worn)
   (You took it off a merfolk on level 4 of the Shoals)
 T - a +2 pair of boots (worn)
   (You found it on level 2 of the Depths)
Jewellery
 f - a cursed ring of teleportation {unknown}
   (You found it on level 4 of the Depths)
 i - an uncursed ring of see invisible
   (You found it on level 4 of the Shoals)
 j - a +4 ring of slaying (left hand)
   (You found it on level 1 of the Lair of Beasts)
 k - an uncursed ring of resist corrosion
   (You found it on level 13 of the Dungeon)
 o - an uncursed ring of poison resistance
   (You found it on level 10 of the Dungeon)
 p - a +4 ring of protection (right hand)
   (You found it on level 14 of the Dungeon)
 P - an amulet of reflection (around neck)
   (You found it on level 1 of the Shoals)
Wands
 g - a wand of digging (1)
   (You took it off Crazy Yiuf on level 4 of the Dungeon)
 v - a wand of iceblast (45)
   (You found it on level 11 of the Dungeon)
 B - a wand of acid (13)
   (You found it on level 10 of the Dungeon)
 J - a wand of paralysis (11)
   (You found it on level 2 of the Lair of Beasts)
Scrolls
 a - a scroll of brand weapon
 b - 2 scrolls of fear
 r - 9 scrolls of identify
 s - 7 scrolls of fog
 t - 3 scrolls of teleportation
 x - 6 scrolls of remove curse
 y - 2 scrolls of holy word
 z - 3 scrolls of blinking
 G - 3 scrolls of enchant armour
Potions
 h - 3 potions of haste
 n - 3 potions of resistance
 q - 7 potions of curing
 u - a potion of lignification
 w - 6 potions of heal wounds
 A - 4 potions of cancellation
 F - 2 potions of mutation
 H - 3 potions of ambrosia
 K - 2 potions of invisibility
 N - 6 potions of flight
 S - a potion of berserk rage
Books
 D - a manual of Axes
   (You found it on level 4 of the Depths)
Miscellaneous
 C - a tin of tremorstones (1/3)
   (You found it on level 10 of the Dungeon)


   Skills:
 + Level 13.9(13.7) Fighting
 + Level 18.7(18.5) Axes
 + Level 16.0(15.8) Armour
 - Level 8.8(8.6) Dodging
 + Level 14.1(13.8) Shields
 - Level 15.0(14.7) Invocations
 - Level 10.0(9.8) Evocations


You had 17 spell levels left.
You didn't know any spells.
Your spell library was empty.

Dungeon Overview and Level Annotations

Branches:
Dungeon (15/15)            Temple (1/1) D:5            Lair (3/6) D:11
 Shoals (4/4) Lair:2       Spider (4/4) Lair:3          Orc (0/2) D:11
 Vaults (0/5) D:14         Depths (5/5) D:15          IceCv (visited)
Volcano (visited)
    Zot: Depths:5

Altars:
Ashenzari
Cheibriados
Dithmenos
Elyvilon
Fedhas
Gozag
Hepliaklqana
Makhleb
Nemelex Xobeh
Okawaru
Qazlal
Ru
Sif Muna
Trog
Uskayaw
Vehumet
Wu Jian
Xom
Yredelemnul
Zin
The Shining One

Shops:
D:5 !   D:12 !   D:14 (   Shoals:4 :   Depths:4 (

Portals:
Hell: Depths:4
Abyss: Depths:4
Ziggurat: Depths:1

Annotations:
D:5 1 exclusion
D:7 2 transporters, Bliebski's ghost, amateur OpTm
D:8 2 transporters, ma3's ghost, novice GrFi
Spider:4 2 transporters, EnegeticOcto's ghost, journeyman DDDe
Depths:4 exclusion: oklob plant


Innate Abilities, Weirdness & Mutations

You are resistant to damage.
You can heal yourself by infusing magical energy.
You resist negative energy. (rN+)
You passively map a large area around you.
You do not regenerate.
You have a beak for a mouth.
You can translocate small distances at will.
Scrolls take you a little longer to read.
You possess an exceptional clarity of mind.
You are frail. (-10% HP)
You are resistant to hostile enchantments. (MR+)
You are somewhat resistant to further mutation.


Message History

You are too injured to fight recklessly!
You are too injured to fight recklessly!
You are too injured to fight recklessly!
Really read with blurry vision while enemies are nearby? [Y]es or [N]o only, please.
Really read with blurry vision while enemies are nearby? [Y]es or [N]o only, please.
Really read with blurry vision while enemies are nearby? [Y]es or [N]o only, please.
Really read with blurry vision while enemies are nearby?
You block the brown very ugly thing's attack.
You begin reading the scroll.
You continue reading the scroll.
You block the caustic shrike's attack.
You block the spriggan defender's attack.
You block the storm dragon's attack. x3
The white very ugly thing basks in the mutagenic energy from its kin and changes!
The freezing wraith hits you.
* * * LOW HITPOINT WARNING * * *
The freezing wraith freezes you!!
You die...

, , #...._.... ,, , ,
....##..≈...≈.. *, , , ,
, ,....'...≈...§.. ,, ,
, ,..''...§..§§.. ' , ,
.'....≈...§§., , ,, *,
#.)).≈..§≈Z. ,^, *
*##.TTu≈u..≈.. ,* *
##########
#)4uuiDdu...., , *
#8#88#8#8###.D§b@uDqu..≈
,*
...........#[q§WDd2§≈...
,
...........'zq§)†W§≈§§..
,',,
...........'..≈[§≈§§§≈..
' , ,
...........#.§§§.≈≈§§≈..
, ,
#8#88#8#8###.§≈...≈≈≈...
, * * ##########
#..§≈.......≈≈ ,*
#....).......
#§....≈?[§§§. *


You could see a shadow dragon (catching breath), an iron dragon, a golden dragon
(catching breath), a caustic shrike, a storm dragon, 4 very ugly things, a
yellow draconian, a purple draconian, a purple draconian shifter, a purple
draconian stormcaller, a yellow draconian scorcher, a spriggan defender, 3 ugly
things, a blizzard demon, a deep troll, a deep troll earth mage, a rust devil, 2
freezing wraiths and a quicksilver dragon simulacrum.

Vanquished Creatures
  Arachne (Spider:1)
  Rupert (D:13)
  A lich (Abyss:1)
  6 tentacled starspawn
  A quicksilver dragon (Depths:5)
  2 tengu reavers (Depths:4)
  A draconian monk (Depths:5)
  A balrug (Depths:5)
  A cacodemon (Abyss:1)
  Aizul (Spider:2)
  3 emperor scorpions (Spider:4)
  3 ghost moths (Spider:4)
  A frost giant (Depths:5)
  5 very ugly things (Depths:5)
  A draconian stormcaller (Depths:5)
  2 angels
  A draconian annihilator (Depths:5)
  2 stone giants
  A spriggan defender (Depths:5)
  2 entropy weavers
  A black draconian (Depths:5)
  A yellow draconian (Depths:5)
  A vampire knight (Depths:4)
  A white draconian (Depths:5)
  A spark wasp (Spider:4)
  A green death (Abyss:2)
  A deep elf death mage (Depths:4)
  A merfolk javelineer (Abyss:4)
  2 ettins (Depths:4)
  7 merfolk impalers
  A fire dragon (Depths:4)
  An ogre mage (Depths:4)
  5 great orbs of eyes
  A hydra (D:15)
  Harold (D:8)
  2 naga warriors (Abyss:5)
  3 rakshasas
  9 centaur warriors
  A catoblepas (D:14)
  An ice dragon (Depths:4)
  2 merfolk avatars
  A merfolk aquamancer (Shoals:4)
  5 two-headed ogres
  A vampire mage (Depths:4)
  2 tengu warriors (Depths:4)
  4 satyrs
  2 deep troll earth magi (Depths:4)
  2 death yaks (Lair:3)
  3 deep troll shamans (Depths:4)
  A titan zombie (Abyss:4)
  Urug (Lair:3)
  4 thrashing horrors
  A spriggan berserker (Depths:5)
  11 large abominations
  3 sun demons (Depths:5)
  A soul eater (Abyss:5)
  3 deep elf knights
  2 sixfirhies
  8 hell knights (Depths:4)
  3 iron trolls (Depths:4)
  4 wretched stars
  A shadow wraith (Abyss:4)
  2 skeletal warriors
  An unseen horror (D:11)
  A flayed ghost (Depths:4)
  9 sea snakes
  A spatial maelstrom (Abyss:4)
  6 deep trolls (Depths:4)
  A glowing orange brain (Depths:5)
  An orc knight (D:15)
  13 harpies
  Pikel (D:8)
  2 phantasmal warriors (Depths:4)
  6 deep elf magi
  10 wolf spiders
  3 lindwurms
  13 fauns
  5 orb spiders
  11 ugly things
  3 worldbinders
  8 cyclopes
  9 manticores
  2 guardian serpents
  5 water nymphs
  An orange demon (Abyss:1)
  2 apocalypse crabs (Abyss:1)
  4 molten gargoyles (Volcano)
  9 merfolk sirens
  6 rust devils (Depths:5)
  A torpor snail (Lair:3)
  3 cane toads
  A hellion (Abyss:4)
  A rime drake (Depths:4)
  3 yaktaurs
  2 komodo dragons
  2 efreet
  2 ice devils (Depths:5)
  A demonic crawler (Spider:1)
  5 ancient zymes
  12 freezing wraiths
  4 red devils (Depths:5)
  A tengu conjurer (Depths:4)
  6 meliai
  A troll (shapeshifter) (D:15)
  2 polar bears (Lair:2)
  4 trolls
  2 wind drakes (Shoals:4)
  A queen bee (Spider:2)
  16 jumping spiders
  A wolf spider simulacrum (IceCv)
  14 merfolk
  8 hornets
  10 raiju
  6 slime creatures
  6 dream sheep
  A hippogriff (shapeshifter) (D:15)
  6 hippogriffs
  12 snapping turtles
  5 flying skulls (Abyss:5)
  10 water elementals
  32 redbacks
  3 spriggans
  10 tarantellas
  A vampire (Abyss:4)
  3 ynoxinuls
  A wyvern (shapeshifter) (D:14)
  2 wyverns (D:12)
  A wraith (Abyss:2)
  8 yaks
  A chaos spawn (Abyss:1)
  A golden eye (Abyss:2)
  6 vampire mosquitoes
  A neqoxec (Abyss:2)
  2 insubstantial wisps (Abyss:2)
  A naga (Abyss:5)
  A spatial vortex (Abyss:4)
  Duvessa (D:6)
  4 water moccasins (Lair:2)
  3 hell hounds (Depths:5)
  A soldier ant (D:12)
  A floating eye (shapeshifter) (D:15)
  3 porcupines
  8 ice beasts
  A swamp drake (Depths:4)
  2 sky beasts
  12 orc warriors
  3 phantoms
  5 black bears
  An ettin simulacrum (Depths:5)
  26 starcursed masses
  5 ogres
  A boggart (D:14)
  12 centaurs
  A snapping turtle skeleton (Abyss:4)
  11 wolves
  3 lemures (D:8)
  11 crocodiles
  6 big kobolds
  12 bullfrogs
  An earth elemental (Volcano)
  6 scorpions
  Dowan (D:6)
  25 killer bees
  2 elephant simulacra (IceCv)
  16 wights
  3 electric eels
  A howler monkey (D:7)
  A centaur zombie (D:7)
  3 quasits
  A bullfrog zombie (D:10)
  A draconian simulacrum (IceCv)
  7 centaur skeletons
  4 hounds
  3 jellies
  10 orc priests
  Crazy Yiuf (D:4)
  A bullfrog skeleton (D:10)
  An iron imp (Abyss:1)
  5 iguanas
  22 orc wizards
  8 worker ants
  A polar bear simulacrum (IceCv)
  2 troll simulacra (IceCv)
  3 centaur simulacra (IceCv)
  12 small abominations
  2 hound skeletons (D:7)
  4 gnolls (D:3)
  10 adders
  A naga simulacrum (IceCv)
  2 ogre simulacra (IceCv)
  11 river rats (D:6)
  A shadow imp (D:5)
  14 white imps
  4 ufetubi
  An ooze (D:7)
  An adder skeleton (D:6)
  An adder zombie (D:5)
  2 leopard geckos
  79 orcs
  A ball python (D:3)
  6 giant cockroaches
  4 goblins
  6 hobgoblins
  8 quokkas
  3 bats
  4 frilled lizards
  10 kobolds
  A leopard gecko skeleton (D:5)
  18 rats
  8 starspawn tentacles
978 creatures vanquished.

Vanquished Creatures (collateral kills)
  A hydra (D:15)
  A spriggan air mage (Depths:5)
  2 orb spiders (Spider:4)
  A water nymph (Shoals:4)
  An ice devil (Depths:5)
  A freezing wraith (Depths:5)
  2 merfolk (Shoals:4)
  2 jumping spiders (Spider:4)
  2 hornets (Depths:5)
  5 redbacks
  2 spriggans (Depths:5)
  A tarantella (Spider:4)
21 creatures vanquished.

Vanquished Creatures (others)
  A quicksilver dragon simulacrum (Depths:5)
  A shadow (Depths:5)
  An earth elemental (Volcano)
  A scorpion (D:10)
  A wight (D:11)
  An orc wizard (D:12)
  An orc (D:11)
  A bush (D:11)
  2 fire vortices (Volcano)
  5 fungi
  2 lurking horrors (Abyss:4)
  70 plants
  14 starspawn tentacles
101 creatures vanquished.

Grand Total: 1100 creatures vanquished

Notes
Turn   | Place    | Note
-------+----------+-------------------------------------------
     0 | D:1      | Flugslaktarn the Deep Dwarf Fighter began the quest for the
                  | Orb.
     0 | D:1      | Reached XP level 1. HP: 20/20 MP: 1/1
   107 | D:1      | Reached XP level 2. HP: 22/27 MP: 2/2
   288 | D:3      | Reached skill level 3 in Axes
   288 | D:3      | Reached XP level 3. HP: 23/34 MP: 3/3
   337 | D:3      | Reached XP level 4. HP: 34/42 MP: 4/4
   468 | D:4      | Reached skill level 4 in Axes
   468 | D:4      | Reached XP level 5. HP: 43/49 MP: 4/4
   589 | D:4      | Found a glowing silver altar of Zin.
   692 | D:4      | Found a runed translucent door.
   693 | D:4      | Noticed Crazy Yiuf
   786 | D:4      | Killed Crazy Yiuf
   897 | D:5      | Entered Level 5 of the Dungeon
   996 | D:5      | Found a staircase to the Ecumenical Temple.
  1016 | Temple   | Entered the Ecumenical Temple
  1023 | Temple   | Became a worshipper of Makhleb the Destroyer
  1064 | D:5      | Found Zeol's Distillery.
  1112 | D:5      | Reached XP level 6. HP: 47/56 MP: 5/5
  1614 | D:5      | Reached skill level 1 in Invocations
  1780 | D:6      | Reached skill level 5 in Axes
  1781 | D:6      | Reached skill level 1 in Dodging
  1781 | D:6      | Reached skill level 1 in Evocations
  1841 | D:6      | Reached XP level 7. HP: 43/63 MP: 6/6
  1891 | D:6      | Noticed Duvessa
  1892 | D:6      | Noticed Dowan
  1905 | D:6      | Killed Dowan
  1923 | D:6      | Killed Duvessa
  1929 | D:6      | Found a blossoming altar of Fedhas.
  1954 | D:6      | Reached skill level 5 in Armour
  2000 | D:6      | Reached * piety under Makhleb
  2008 | D:6      | Reached skill level 6 in Axes
  2234 | D:6      | Reached XP level 8. HP: 70/73 MP: 7/7
  2383 | D:6      | Reached ** piety under Makhleb
  2832 | D:7      | Found a transporter.
  2832 | D:7      | Noticed a two-headed ogre
  2833 | D:7      | Noticed Bliebski's ghost (amateur OpTm)
  2841 | D:7      | Found a transporter.
  2898 | D:7      | Found a shimmering altar of Xom.
  3220 | D:7      | Reached skill level 7 in Axes
  3655 | D:8      | Found a bloodstained altar of Trog.
  3673 | D:8      | Reached skill level 5 in Fighting
  3722 | D:8      | Noticed ma3's ghost (novice GrFi)
  3727 | D:8      | Found a transporter.
  3729 | D:8      | Found a transporter.
  3733 | D:8      | Identified the cursed +1 battleaxe "Killer Bee's Doom"
                  | {speed, rElec rF++ rN+ Str-5}
  3733 | D:8      | Noticed a tengu warrior
  3746 | D:8      | Noticed Pikel
  3782 | D:8      | Killed Pikel
  3782 | D:8      | Gained mutation: You passively map the area around you.
                  | [Deep Dwarf growth]
  3782 | D:8      | Reached XP level 9. HP: 54/81 MP: 9/9
  3786 | D:8      | Noticed a moth of wrath
  3848 | D:8      | Reached skill level 5 in Evocations
  3868 | D:8      | Reached skill level 5 in Invocations
  3943 | D:8      | Found a basalt altar of Yredelemnul.
  3986 | D:8      | Noticed Harold
  4001 | D:8      | Killed Harold
  4001 | D:8      | Reached skill level 8 in Axes
  4056 | D:8      | Found a bloodstained altar of Trog.
  4354 | D:9      | Reached skill level 5 in Dodging
  4368 | D:9      | Reached skill level 9 in Axes
  4432 | D:9      | Gained mutation: You have a beak for a mouth. [potion of
                  | mutation]
  4432 | D:9      | Gained mutation: You can translocate small distances at
                  | will. [potion of mutation]
  4432 | D:9      | Gained mutation: You possess an exceptional clarity of
                  | mind. [potion of mutation]
  4432 | D:9      | Gained mutation: You are resistant to hostile enchantments.
                  | (MR+) [potion of mutation]
  4437 | D:9      | Reached *** piety under Makhleb
  4438 | D:9      | Reached XP level 10. HP: 70/91 MP: 9/9
  5205 | D:10     | Entered Level 10 of the Dungeon
  5350 | D:10     | Noticed a red ugly thing
  5380 | D:10     | Killed a red ugly thing
  5502 | D:10     | Reached **** piety under Makhleb
  5573 | D:10     | Reached skill level 10 in Axes
  6232 | D:11     | Killed an unseen horror
  6274 | D:11     | Found a staircase to the Lair.
  6329 | D:11     | Reached XP level 11. HP: 50/99 MP: 8/8
  6402 | D:11     | Reached ***** piety under Makhleb
  6429 | D:11     | Found a staircase to the Orcish Mines.
  6842 | D:12     | Found Xihuohas's Distillery.
  7123 | D:12     | Noticed a brown ugly thing
  7149 | D:12     | Killed a brown ugly thing
  7163 | D:12     | Reached skill level 11 in Axes
  7357 | D:12     | Found a flickering gateway to a bazaar.
  7396 | Bazaar   | Entered a bazaar
  7396 | Bazaar   | Found Jenlauti's General Store.
  7396 | Bazaar   | Found Plog's General Store.
  7416 | Bazaar   | Found Woumm's General Store.
  7416 | Bazaar   | Found Resmumia's General Store.
  7431 | Bazaar   | Bought a potion of mutation for 96 gold pieces
  7431 | Bazaar   | Bought a scroll of enchant armour for 90 gold pieces
  7443 | Bazaar   | Found Jauhi's General Store.
  7443 | Bazaar   | Found Qodoajia's General Store.
  7469 | Bazaar   | Found Emual's General Store.
  7469 | Bazaar   | Found Elyg's General Store.
  7484 | Bazaar   | Bought a scroll of brand weapon for 120 gold pieces
  7491 | D:12     | Identified a scroll of acquirement
  7491 | D:12     | Acquired 969 gold pieces
  7567 | D:13     | Noticed a deep elf mage
  7572 | D:13     | Killed a deep elf mage
  7614 | D:13     | Noticed Rupert
  7614 | D:13     | Noticed a white ugly thing
  7798 | Lair:1   | Entered Level 1 of the Lair of Beasts
  7991 | Lair:2   | Found a dark tunnel.
  7999 | Volcano  | Entered a volcano
  8042 | Volcano  | Noticed a lindwurm
  8042 | Volcano  | Noticed a lindwurm
  8078 | Volcano  | Killed a lindwurm
  8078 | Volcano  | Killed a lindwurm
  8343 | Lair:2   | Found a staircase to the Shoals.
  8561 | Lair:2   | Reached XP level 12. HP: 87/109 MP: 4/4
  8924 | Lair:3   | Noticed Urug
  8933 | Lair:3   | Killed Urug
  8933 | Lair:3   | Reached skill level 12 in Axes
  8963 | Lair:3   | Noticed a death yak
  8963 | Lair:3   | Noticed a death yak
  8980 | Lair:3   | Killed a death yak
  8985 | Lair:3   | Killed a death yak
  9036 | Lair:3   | Found a hole to the Spider Nest.
  9256 | D:13     | Reached ****** piety under Makhleb
  9324 | D:13     | Noticed a centaur warrior
  9327 | D:13     | Noticed a centaur warrior
  9332 | D:13     | Killed a centaur warrior
  9332 | D:13     | Reached skill level 10 in Invocations
  9332 | D:13     | Reached skill level 10 in Evocations
  9337 | D:13     | Killed a centaur warrior
  9481 | D:13     | Killed Rupert
  9481 | D:13     | Reached skill level 13 in Axes
  9656 | D:13     | Reached skill level 10 in Armour
  9805 | D:14     | Noticed a two-headed ogre
  9810 | D:14     | Killed a two-headed ogre
  9826 | D:14     | Noticed a two-headed ogre
  9827 | D:14     | Noticed a centaur warrior
  9828 | D:14     | Reached XP level 13. HP: 76/118 MP: 4/4
  9961 | D:14     | Found a frozen archway.
  9993 | D:14     | Reached skill level 5 in Shields
 10000 | IceCv    | Entered an ice cave
 10124 | IceCv    | Found an ancient bone altar of Kikubaaqudgha.
 10274 | IceCv    | Got a faintly humming cloak
 10285 | IceCv    | Identified the cursed +0 cloak of Virec {rN+ MR+ Str+4}
                  | (You found it in an ice cave)
 10492 | D:14     | Found Yzosiga's Antique Weapon Boutique.
 10607 | D:14     | Reached skill level 14 in Axes
 10921 | D:14     | Found a gate to the Vaults.
 10955 | D:15     | Entered Level 15 of the Dungeon
 11351 | D:15     | Gained mutation: You resist negative energy. (rN+) [Deep
                  | Dwarf growth]
 11351 | D:15     | Reached XP level 14. HP: 111/129 MP: 6/6
 11467 | D:15     | Found a staircase to the Depths.
 11581 | D:15     | Reached skill level 15 in Axes
 12045 | Spider:1 | Entered Level 1 of the Spider Nest
 12194 | Spider:2 | Noticed Arachne
 12203 | Spider:2 | Noticed an entropy weaver
 12226 | Spider:1 | Killed Arachne
 12226 | Spider:1 | Reached skill level 10 in Fighting
 12322 | Spider:2 | Killed an entropy weaver
 12332 | Spider:2 | Noticed Aizul
 12362 | Spider:2 | Killed Aizul
 12645 | Spider:4 | Entered Level 4 of the Spider Nest
 12697 | Spider:4 | Noticed an emperor scorpion
 12715 | Spider:4 | Killed an emperor scorpion
 12768 | Spider:4 | Found a transporter.
 12768 | Spider:4 | Noticed an entropy weaver
 12770 | Spider:4 | Noticed an emperor scorpion
 12775 | Spider:4 | Reached XP level 15. HP: 74/140 MP: 8/8
 12786 | Spider:4 | Found a transporter.
 12786 | Spider:4 | Noticed EnegeticOcto's ghost (journeyman DDDe)
 12851 | Spider:4 | Reached skill level 16 in Axes
 12896 | Spider:4 | Killed a ghost moth
 12974 | Spider:4 | Killed a ghost moth
 12977 | Spider:4 | Killed a ghost moth
 12998 | Spider:4 | Got a gossamer rune of Zot
 13297 | Shoals:1 | Entered Level 1 of the Shoals
 13465 | Shoals:1 | HP: 5/140 [drowned by a drowned soul[a merfolk avatar]
                  | (14)]
 13792 | Shoals:3 | Reached skill level 17 in Axes
 14020 | Shoals:4 | Entered Level 4 of the Shoals
 14208 | Shoals:4 | Reached XP level 16. HP: 143/150 MP: 8/8
 14215 | Shoals:4 | Reached skill level 10 in Shields
 14313 | Shoals:4 | Found Teku's Book Boutique.
 14425 | Shoals:4 | Found a shimmering blue altar of Sif Muna.
 14965 | Shoals:4 | Got a barnacled rune of Zot
 15224 | Depths:1 | Entered Level 1 of the Depths
 15322 | Depths:1 | Found a gateway to a ziggurat.
 15616 | Depths:4 | Reached skill level 18 in Axes
 15616 | Depths:4 | Reached skill level 15 in Invocations
 15735 | Depths:4 | Noticed a tengu reaver
 15745 | Depths:4 | Killed a tengu reaver
 15847 | Depths:4 | Reached XP level 17. HP: 159/159 MP: 6/6
 15888 | Depths:4 | Found a gateway to Hell.
 15890 | Depths:4 | Found Zayfuewo's Weapon Shop.
 15920 | Depths:4 | Found a one-way gate to the infinite horrors of the Abyss.
 15990 | Depths:4 | Voluntarily entered the Abyss.
 16033 | Abyss:1  | Gained mutation: Scrolls take you a little longer to read.
                  | [a cacodemon]
 16034 | Abyss:1  | Gained mutation: You are somewhat resistant to further
                  | mutation. [a cacodemon]
 16198 | Abyss:1  | Noticed a lich
 16209 | Abyss:1  | Killed a lich
 16215 | Abyss:1  | Noticed a bone dragon
 16233 | Abyss:2  | Found a corrupted altar of Lugonu.
 16242 | Abyss:2  | Found a corrupted altar of Lugonu.
 16290 | Abyss:2  | Gained mutation: You are frail. (-10% HP) [a neqoxec]
 16448 | Abyss:2  | Found a sparkling altar of Nemelex Xobeh.
 16497 | Abyss:2  | Found an iron altar of Okawaru.
 16907 | Abyss:4  | Reached skill level 15 in Armour
 17038 | Abyss:4  | Paralysed by accursed screaming for 1 turns
 17044 | Abyss:4  | Paralysed by accursed screaming for 1 turns
 17062 | Abyss:4  | Got an abyssal rune of Zot
 17094 | Abyss:5  | Entered Level 5 of the Abyss
 17215 | Depths:4 | Escaped the Abyss
 17248 | Depths:5 | Entered Level 5 of the Depths
 17309 | Depths:5 | Gained mutation: You passively map a large area around you.
                  | [Deep Dwarf growth]
 17309 | Depths:5 | Reached XP level 18. HP: 120/154 MP: 7/7
 17475 | Depths:5 | Found an ornate altar of the Wu Jian Council.
 17538 | Depths:5 | Noticed a caustic shrike
 17541 | Depths:5 | Noticed a golden dragon
 17554 | Depths:5 | Mangled by a freezing wraith

Illustrated notes

Levels and vault maps discovered:
D:1:      saegor_arrival_simple_a, layout_basic
D:2:      layout_rooms, grunt_decor_mini_mirrors, st_stairs_6
D:3:      minmay_spotlight, layout_basic, lemuel_coloured_pillars_altar,
          uniq_grinder, uniq_natasha
D:4:      layout_rooms, zin_scriptorium, uniq_crazy_yiuf_cottage
D:5:      layout_cave_pods, minmay_temple_entry_mini_moons, serial_shops,
          nicolae_shop_statue_plus, gup_sewer_entry_spiral
D:6:      lemuel_ratsnest, layout_loops_ring, kennysheep_mini_moat, uniq_duvessa
D:7:      layout_loops_cross, gammafunk_ghost_smash,
          hangedman_decor_peaks_small, tgw_xom
D:8:      minmay_evil_eye, layout_loops_ring, lemuel_doored_altar,
          gammafunk_ghost_wrathful_warriors, minmay_hedge_maze,
          trog_hazing_becter, uniq_harold, uniq_pikel
D:9:      layout_basic
D:10:     layout_basic, lemuel_flamethrower_1
D:11:     statuecave_lemuel, layout_basic, minmay_lair_entry_grove,
          hiddenorc1_lemuel
D:12:     minmay_goldmine, layout_basic, serial_shops, bzr_entry_customers, shop
D:13:     layout_basic, kennysheep_decorative_pillar, uniq_rupert
D:14:     layout_long_grid, hangedman_vaults_entry_quadrant_bands,
          portal_ice_cave_entry_pillars_1, serial_shops, shop, the_bakery
D:15:     hangedman_depths_entry_try_elsewhere_first, layout_loops_ring,
          minmay_fractal_squares_gapless_7
Temple:   nicolae_temple_no_exploring_needed
Lair:1:   layout_cave_pods, lemuel_fruit_fields, lemuel_fruit_tree
Lair:2:   layout_regular_city, minmay_shoals_entry_hut,
          nicolae_volcano_entry_two_sided, forest_entry_grove,
          serial_bayou_shore_a, grunt_megastairs_3, serial_bayou_shore_b
Lair:3:   layout_cave_pods, spider_nest_entry_webs, st_stairs_4,
          pf_torpor_hydra, infiniplex_staircase_pool, uniq_urug
Shoals:1: layout_shoals
Shoals:2: layout_shoals, serial_shops, nicolae_shop_statue_plus
Shoals:3: layout_shoals, nicolae_shoals_square_sea_wall
Shoals:4: shoals_end_hangedman, layout_shoals, serial_shops, shop,
          lemuel_altar_in_water
Spider:1: layout_spider_delve
Spider:2: layout_spider_delve, nicolae_looking_at_the_future, uniq_arachne,
          uniq_aizul
Spider:3: layout_spider_delve, nicolae_spider_stair_cavern
Spider:4: spider_rune_water, gammafunk_ghost_arena, nicolae_spider_cling_ruins
Depths:1: layout_roguey, enter_ziggurat_a, hangedman_decor_riveting,
          hellmouth_3, nicolae_lava_and_water, evilmike_butchery
Depths:2: minmay_imperfect_grid, layout_basic, hell_entry, serial_glass,
          glass_columns_a, glass_columns_a
Depths:3: kennysheep_large_vault, layout_twisted_cross, hell_entry,
          hangedman_decor_slide_cut, rand_demon_pan_entry_5,
          serial_bayou_lagoon_a, uniq_margery
Depths:4: gold_lair_mu, layout_cave_pools, serial_sigils,
          serial_sigils_hangedman_shear, serial_sigils_hangedman_snap,
          serial_sigils_hangedman_gut, serial_sigils_hangedman_stare,
          hell_entry, hangedman_abyss_entry_splay, serial_shops, shop,
          st_stairs_3
Depths:5: grunt_profane_halls [grunt_profane_temple_geh,
          grunt_profane_temple_coc, grunt_profane_temple_dis,
          grunt_profane_temple_tar, grunt_zot_portal], pan_entry, hell_entry

Skill      XL: |  1  2  3  4  5  6  7  8  9 10 11 12 13 14 15 16 17 18 |
---------------+-------------------------------------------------------+-----
Fighting       | 3 4 5 6 7 8 9 10 11 12 13 | 13.9
Axes           | 3 4 5 6 7 9 10 11 13 14 15 17 18 | 18.7
Armour         | 4 5 6 7 8 9 10 11 12 14 15 16 | 16.0
Shields        | 4 6 8 9 11 13 14 | 14.1
Invocations    | 1 3 4 6 7 9 10 11 13 14 15 | 15.0
Dodging        | 1 2 4 5 6 7 8 |  8.8
Evocations     | 1 3 4 6 7 9 10 | 10.0

Action                   |  1- 3 |  4- 6 |  7- 9 | 10-12 | 13-15 | 16-18 || total
-------------------------+-------+-------+-------+-------+-------+-------++-------
Melee: War axe           |    91 |   155 |   506 |   623 |       |       ||  1375
       Peck              |       |       |     1 |   179 |   207 |   241 ||   628
       Broad axe         |       |       |       |   133 |   875 |   988 ||  1996
       Unarmed           |       |       |       |       |       |     4 ||     4
Invok: Greater Servant o |       |       |       |       |     3 |     2 ||     5
       Lesser Servant of |       |       |       |       |     3 |       ||     3
 Abil: Heal Wounds       |     1 |     4 |    10 |    36 |    18 |    16 ||    85
Evoke: Tin of tremorston |       |       |       |     3 |     7 |     9 ||    19
       Wand              |       |       |       |     3 |     2 |       ||     5
  Use: Scroll            |       |     8 |       |    17 |    12 |     3 ||    40
       Potion            |       |       |     4 |     1 |     5 |     2 ||    12
 Stab: Petrified         |       |       |       |       |     2 |       ||     2
       Distracted        |       |       |       |       |     2 |     1 ||     3
       Invisible         |       |       |       |       |       |     1 ||     1
Armor: Chain mail        |    58 |    96 |       |       |       |       ||   154
       Scale mail        |     3 |       |       |       |       |       ||     3
       Skin              |       |     2 |       |       |       |     2 ||     4
       Plate armour      |       |       |   403 |   538 |   758 |   537 ||  2236
Dodge: Dodged            |    35 |    38 |   157 |   209 |   332 |   248 ||  1019
Block: Kite shield       |    59 |    94 |   316 |   428 |   655 |   176 ||  1728
       Reflection        |       |       |       |       |    24 |    27 ||    51
       Tower shield      |       |       |       |       |       |  1069 ||  1069

Table legend: (Time is in decaauts)
 A = Elapsed time spent in this place.
 B = Non-inter-level travel time spent in this place.
 C = Inter-level travel time spent in this place.
 D = Time resting spent in this place.
 E = Time spent auto-exploring this place.
 F = Levels seen in this place.
 G = Mean time per level.
                   A        B        C        D        E       F      G
               +--------+--------+--------+--------+--------+-----+--------+
         Total |  17741 |  16007 |   1734 |    429 |   9579 |  40 |  443.5 |
       Dungeon |  10319 |   9659 |    660 |    140 |   6706 |  15 |  687.9 |
        Temple |     14 |      2 |     12 |      0 |      0 |   1 |   14.0 |
          Lair |   1646 |   1074 |    572 |      0 |    772 |   3 |  548.7 |
        Shoals |   1903 |   1667 |    236 |     75 |    749 |   4 |  475.8 |
   Spider Nest |   1084 |    892 |    192 |    116 |    292 |   4 |  271.0 |
        Depths |   1037 |    977 |     60 |     40 |    416 |   5 |  207.4 |
         Abyss |   1139 |   1139 |      0 |     58 |    440 |   5 |  227.8 |
        Bazaar |     92 |     92 |      0 |      0 |     66 |   1 |   92.0 |
      Ice Cave |    364 |    364 |      0 |      0 |    134 |   1 |  364.0 |
       Volcano |    140 |    140 |      0 |      0 |      2 |   1 |  140.0 |
               +--------+--------+--------+--------+--------+-----+--------+

Top non-repeatable levels by time:
     D:6: 1108 daAuts
Shoals:4: 1048 daAuts
     D:9: 1045 daAuts
  Lair:2: 1041 daAuts
    D:15: 876 daAuts
    D:10: 866 daAuts
     D:5: 860 daAuts
    D:14: 849 daAuts
    D:12: 842 daAuts
    D:11: 816 daAuts
     D:8: 758 daAuts
     D:7: 677 daAuts
    D:13: 671 daAuts
 Abyss:2: 568 daAuts
     D:4: 542 daAuts
